 Dungeon Crawl Stone Soup version 0.10.4 character file.

814 EnegeticOcto the Stinger (level 7, 0/61 HPs)
             Began as a Naga Transmuter on Apr 8, 2020.
             Was a Follower of Cheibriados.
             Slain by an orc warrior
             ... wielding a -1,+0 orcish hand axe
              (8 damage)
             ... on Level 6 of the Dungeon.
             The game lasted 00:20:28 (5675 turns).

EnegeticOcto the Stinger (Naga Transmuter)          Turns: 5675, Time: 00:20:28

HP   0/61        AC  2     Str 12 (14) XL: 7   Next: 39%
MP   7/10        EV 19     Int 18      God: Cheibriados [*.....]
Gold 217         SH  0     Dex 18      Spells:  3 memorised,  3 levels left

Res.Fire  : . . .   See Invis. : +     - Unarmed
Res.Cold  : . . .   Warding    : + . h - melded +2 leather armour
Life Prot.: + . .   Conserve   : .   (shield currently unavailable)
Res.Acid. : . . .   Res.Corr.  : .   G - melded +0 helmet
Res.Poison: x       Clarity    : .   f - melded +0 cloak
Res.Elec. : .       Spirit.Shd : .   (gloves currently unavailable)
Sust.Abil.: . .     Stasis     : .   (no barding)
Res.Mut.  : .       Ctrl.Telep.: .   p - amulet of warding
Res.Rott. : .       Levitation : .   (no ring)
Saprovore : . . .   Ctrl.Flight: .   (no ring)

@: spider-form, slow, somewhat resistant to hostile enchantments, unstealthy
A: spit poison, (constrict 1), see invisible, (deformed body), deterioration 1,
(poison resistance), (slowness 0)
a: Spit Poison, End Transformation, Bend Time, Renounce Religion


You were on level 6 of the Dungeon.
You worshipped Cheibriados.
Cheibriados was pleased with you.
You were not hungry.
You were in spider-form.
You visited 2 branches of the dungeon, and saw 7 of its levels.

You collected 197 gold pieces.

Inventory:

Missiles
 b - 69 +0 arrows
 v - 4 +4 darts (quivered)
Armour
 f - a +0 cloak (melded)
 h - a +2 leather armour (melded)
 s - a +1 elven leather armour
 G - a +0 helmet (melded)
Comestibles
 a - 5 bread rations
 r - 2 meat rations
Scrolls
 k - 2 scrolls of teleportation {@r3 !r}
 m - 2 scrolls of curse weapon {unknown}
 n - a scroll of curse armour {unknown}
 w - 5 scrolls of detect curse
 y - 2 scrolls of random uselessness
Jewellery
 p - an amulet of warding (around neck)
Potions
 c - 2 potions of curing {@q1 !q}
 e - a potion of water
 o - 4 potions of agility
 t - a potion of brilliance
 u - a potion of speed
 x - a potion of might {unknown}
 z - a potion of restore abilities
 A - a potion of invisibility
 B - a potion of magic {unknown}
 C - 2 potions of cure mutation {unknown}
 E - a potion of berserk rage {unknown}
Books
 d - a book of Changes

   Spells                             Type                      Level
   Beastly Appendage                  Transmutation                1
   *Sticks to Snakes                  Transmutation                2
   *Spider Form                       Transmutation/Poison         3
   Ice Form                           Ice/Transmutation            4
   Blade Hands                        Transmutation                5
 j - a book of Spatial Translocations

   Spells                             Type                      Level
   Apportation                        Translocation                1
   Portal Projectile                  Translocation                2
   *Blink                             Translocation                2
   Shroud of Golubria                 Charms/Translocation         2
   Teleport Other                     Translocation                3
   Passage of Golubria                Translocation                4
   Control Teleport                   Charms/Translocation         4
Magical staves
 l - a staff of air


   Skills:
 + Level 3.7 Fighting
 - Level 1.5 Dodging
 + Level 5.6 Unarmed Combat
 - Level 2.0 Spellcasting
 - Level 4.0 Transmutations
 + Level 5.7 Poison Magic


You had 3 spell levels left.
You knew the following spells:

 Your Spells              Type           Power        Failure   Level  Hunger
a - Blink                 Tloc           N/A          50%         2    Choko
b - Sticks to Snakes      Trmt           ####......   17%         2    Choko
c - Spider Form           Pois/Trmt      ####......   24%         3    Honeycomb

Dungeon Overview and Level Annotations

Branches:
Dungeon (6/27)             Temple (1/1) D:5
    Orc: D:6-11

Altars:
Ashenzari
Cheibriados
Elyvilon
Kikubaaqudgha
Okawaru
Sif Muna
The Shining One
Vehumet
Xom


Innate Abilities, Weirdness & Mutations

You cannot wear boots.
You can spit poison.
((You can use your snake-like lower body to constrict enemies.))*
((Your serpentine skin is tough (AC +2).))*
You have supernaturally acute eyesight.
((Armour fits poorly on your strangely shaped body.))*
((Your system is resistant to poisons.))*
((You cover ground very slowly.))*
Your body is slowly deteriorating.


Message History

You turn into a venomous arachnid creature.
Your +0 cloak melds into your body.
Your +0 helmet melds into your body.
Your +2 leather armour melds into your body.
An orc and an orc warrior come into view.
The orc shouts!
The orc warrior shouts!
The orc moves out of view.
You hit the orc.
The orc is poisoned.
The orc is moderately wounded.
The orc barely misses you.
You bite the orc!
You kill the orc!
Cheibriados appreciates the change of pace.
You barely miss the orc.
An orc comes into view. It is wielding an orcish war axe.
You hit the orc but do no damage.
The orc picks up an orcish dagger.
You bite the orc!
You kill the orc!
Cheibriados appreciates the change of pace.
The orc moves out of view.
You hit the orc.
You kill the orc!
Cheibriados appreciates the change of pace.
You can now bend time to slow others.
Cheibriados raises the support of your attributes as your movement slows.
You hit the orc warrior.
The orc warrior is poisoned.
The orc warrior is lightly wounded.
The orc warrior picks up an orcish club.
You hit the orc warrior.
The orc warrior looks even sicker.
The orc warrior is moderately wounded.
The orc warrior closely misses you.
You hit the orc warrior.
The orc warrior looks even sicker.
The orc warrior is moderately wounded.
You are feeling very hungry.
You closely miss the orc warrior.
The orc warrior is heavily wounded.
The orc warrior misses you.
The orc warrior throws an orcish club.
The orcish club hits you!
You see here an orcish club.
The orc warrior picks up a runed orcish hand axe.
An orc warrior comes into view. It is wielding a runed orcish hand axe.
The orc warrior throws a runed orcish hand axe.
The runed orcish hand axe hits you!
You see here a runed orcish hand axe.
You hit the orc warrior but do no damage.
The orc warrior is poisoned.
The orc warrior misses you.
A worker ant comes into view.
You hit the orc warrior.
The orc warrior is lightly wounded.
The orc warrior hits you with a runed orcish hand axe!
The orc warrior throws an orcish dagger.
The orcish dagger misses you.
The orcish dagger misses the worker ant.
The worker ant closely misses you. The worker ant misses you.
You bite the worker ant!
The worker ant is poisoned.
The worker ant is heavily wounded.
The worker ant bites you.
The orc warrior picks up an orcish dagger.
You hit the worker ant.
The worker ant looks even sicker.
The worker ant is almost dead.
You kill the worker ant!
Cheibriados thoroughly appreciates the change of pace.
You barely miss the orc warrior.
The orc warrior is severely wounded.
The orc warrior closely misses you.
You hit the orc warrior.
The orc warrior looks even sicker.
The orc warrior is almost dead.
Your transformation is almost over.
You kill the orc warrior!
Cheibriados appreciates the change of pace.
The orc warrior throws an orcish dagger.
The orcish dagger hits you!
You see here an orcish dagger.
All of the chunks of flesh in your inventory have completely rotted away.
There is a stone staircase leading down here.
The orc warrior picks up an orcish dagger.
The orc warrior throws an orcish dagger.
The orcish dagger misses you.
Eat which item? (? for menu, Esc to quit)
You continue eating.
The orc misses you.
You continue eating.
Your transformation has ended.
You fall off the wall.
The orc warrior hits you with a runed orcish hand axe.
You finish eating.
That meat ration really hit the spot!
Casting: Spider Form
Confirm with . or Enter, or press ? or * to list all spells.
You turn into a venomous arachnid creature.
Your +0 cloak melds into your body.
Your +0 helmet melds into your body.
Your +2 leather armour melds into your body.
The orc warrior barely misses you.
You bite the orc warrior!
The orc warrior is poisoned.
The orc warrior is heavily wounded.
The orc warrior hits you with a runed orcish hand axe!
* * * LOW HITPOINT WARNING * * *
You barely miss the orc warrior.
The orc warrior is heavily wounded.
The orc warrior hits you with a runed orcish hand axe!
You die...

#....##.# ##..# #.(............
#....##(# #..# #..###...#....#
#.....#.# #..# #..# #...#.####
###...#.## #..# #..# #...#.....
#..=...# #..###..############
#####.#...####...................
.%.)............###..##########..
.####)........................#..
. #..o........s##..########.#..
...#.##.##....#o##..# ###
..........)....#.##..#
..8.........o>.o....#
...........#####.....#
....#.#....# #...).###
...#.#..).# #.......# ###.#....#
#.###...# .#....# #.# #...#


You could see an orc warrior and an orc.

Vanquished Creatures
  An orc warrior (D:6)
  A crimson imp (D:5)
  2 scorpions (D:4)
  3 orc priests (D:6)
  2 worker ants (D:6)
  An orc wizard (D:6)
  A worm zombie (D:5)
  Ijyb (D:2)
  Terence (D:2)
  3 adders
  4 gnolls (D:3)
  3 worms
  A giant mite (D:2)
  A bat zombie (D:5)
  2 giant geckos
  2 oozes
  13 orcs
  3 ball pythons
  8 bats
  3 giant cockroaches
  8 hobgoblins
  14 kobolds
  6 giant newts
  10 goblins
  6 jackals
  5 quokkas
  14 rats
  3 toadstools
122 creatures vanquished.

Vanquished Creatures (others)
  A kobold (D:5)
  A rat (D:1)
  A bush (D:4)
  11 toadstools
14 creatures vanquished.

Grand Total: 136 creatures vanquished

Notes
Turn   | Place    | Note
--------------------------------------------------------------
     0 | D:1      | EnegeticOcto, the Naga Transmuter, began the quest for the Orb.
     0 | D:1      | Reached XP level 1. HP: 18/18 MP: 1/1
   101 | D:1      | Reached XP level 2. HP: 2/25 MP: 0/3
   486 | D:1      | Learned a level 2 spell: Sticks to Snakes
  1170 | D:1      | Reached XP level 3. HP: 28/31 MP: 4/4
  1199 | D:1      | Learned a level 3 spell: Spider Form
  1338 | D:2      | Reached skill level 4 in Unarmed Combat
  1812 | D:2      | Noticed Terence
  1814 | D:2      | Noticed Ijyb
  1838 | D:2      | Killed Ijyb
  1838 | D:2      | Reached XP level 4. HP: 22/38 MP: 4/6
  1845 | D:2      | Killed Terence
  2730 | D:3      | Reached XP level 5. HP: 33/44 MP: 7/7
  4272 | D:4      | Reached XP level 6. HP: 46/52 MP: 9/9
  4343 | D:5      | Entered Level 5 of the Dungeon
  4481 | D:5      | Reached skill level 5 in Unarmed Combat
  4638 | D:5      | Found an iron altar of Okawaru.
  4720 | D:5      | Found a shimmering altar of Xom.
  4756 | D:5      | Found an ancient bone altar of Kikubaaqudgha.
  4782 | D:5      | Found a staircase to the Ecumenical Temple.
  4792 | Temple   | Entered the Ecumenical Temple
  4824 | Temple   | Became a worshipper of Cheibriados the Contemplative
  5320 | D:6      | Learned a level 2 spell: Blink
  5346 | D:6      | Reached XP level 7. HP: 36/60 MP: 7/10
  5378 | D:6      | Gained mutation: Your body is slowly deteriorating.
  5403 | D:6      | Found a white marble altar of Elyvilon.
  5641 | D:6      | Acquired Cheibriados's first power
  5675 | D:6      | Slain by an orc warrior
